 Dungeon Crawl Stone Soup version 0.20.1-1-g8b1a95d (webtiles) character file.

125 Savaroth the Skirmisher (level 4, -3/61 HPs)
             Began as a Minotaur Berserker on Aug 5, 2017.
             Was a Priest of Trog.
             Killed by divine providence
             ... invoked by an orc priest
              (9 damage)
             ... on level 3 of the Dungeon.
             The game lasted 00:04:21 (1714 turns).

Savaroth the Skirmisher (Minotaur Berserker)        Turns: 1714, Time: 00:04:22

Health: -3/61      AC:  9    Str: 27    XL:     4   Next: 82%
Magic:  3/3        EV: 10    Int:  4    God:    Trog [***...]
Gold:   95         SH:  0    Dex: 10    Spells: 3/3 levels left

rFire    x . .     SeeInvis +   a - +0 hand axe
rCold    + . .     Gourm    .   (no shield)
rNeg     . . .     Faith    .   f - +0 chain mail
rPois    .         Spirit   .   (helmet restricted)
rElec    .         Reflect  .   (no cloak)
rCorr    .         Harm     .   (no gloves)
MR       .....                  (no boots)
Stlth    ..........             (no amulet)
Regen    0.2/turn               p - ring of see invisible
MPRegen  0.1/turn               r - ring of ice (curse)

@: berserking, lethally poisoned (-3 -> -10), very quick
A: retaliatory headbutt, horns 2
a: Berserk, Trog's Hand, Burn Spellbooks, Renounce Religion


You were on level 3 of the Dungeon.
You worshipped Trog.
Trog was most pleased with you.
You were near starving.

You visited 1 branch of the dungeon, and saw 3 of its levels.

You collected 95 gold pieces.

Inventory:

Hand Weapons
 a - a +0 hand axe (weapon)
Armour
 b - a +0 animal skin
 f - a +0 chain mail (worn)
Jewellery
 p - a ring of see invisible (left hand)
 r - a cursed ring of ice (right hand)
Scrolls
 d - a scroll of teleportation {unknown}
 e - a scroll of fog {unknown}
 g - 10 scrolls of identify {unknown}
 h - 6 scrolls of remove curse {unknown}
 i - a scroll of fear {unknown}
 j - a scroll of magic mapping {unknown}
 k - a scroll of enchant armour {unknown}
 m - 2 scrolls of enchant weapon {unknown}
 n - a scroll of amnesia {unknown}
 o - 2 scrolls of noise {unknown}
Potions
 l - 2 potions of ambrosia {unknown}
 q - a potion of degeneration {unknown}
 s - a potion of curing {unknown}
 u - a potion of heal wounds {unknown}
 v - a potion of might {unknown}
Comestibles
 c - 2 bread rations


   Skills:
 + Level 4.4 Fighting
 + Level 4.3 Axes
 + Level 3.8 Armour
 + Level 3.6 Dodging


You had 3 spell levels left.
You didn't know any spells.

Dungeon Overview and Level Annotations

Branches:
Dungeon (3/15)

Altars:
Okawaru


Innate Abilities, Weirdness & Mutations

You reflexively headbutt those who attack you in melee.
You have a pair of horns on your head.


Message History

* * * LOW HITPOINT WARNING * * *
You feel sick. The orc wizard closely misses you.
You closely miss the orc wizard. Your headbutt misses the orc wizard.
The orc wizard is moderately wounded.
* * * LOW HITPOINT WARNING * * *
You feel sick.
You slash the orc wizard!
You kill the orc wizard!
Trog accepts your kill.
Trog appreciates your killing of a magic user.
* * * LOW HITPOINT WARNING * * *
You feel sick.
You slash the orc!
You kill the orc!
Trog accepts your kill.
* * * LOW HITPOINT WARNING * * *
You feel sick. The orc closely misses you.
The orc priest mumbles some strange prayers to Beogh against you.
Beogh smites you!
You die...

#...##.........
#..............
#...##.........
#...##......... #
#...##..)...... #.
#...##......... #..
#...##.........
###...####...##.(.......
.....oo@.'...###########
###...####...# #.. #####
##


You could see an orc priest and an orc.

Vanquished Creatures
  An orc wizard (D:3)
  An ooze (D:1)
  3 worms
  2 dart slugs
  3 leopard geckos
  8 orcs
  3 giant cockroaches
  9 goblins
  11 hobgoblins
  5 kobolds
  A quokka (D:2)
  A ball python (D:3)
  6 bats
  3 frilled lizards
  11 rats
68 creatures vanquished.

Notes
Turn   | Place    | Note
-------+----------+-------------------------------------------
     0 | D:1      | Savaroth the Minotaur Berserker began the quest for the Orb.
     0 | D:1      | Reached XP level 1. HP: 19/19 MP: 0/0
   184 | D:1      | Reached XP level 2. HP: 27/27 MP: 1/1
   767 | D:2      | Reached XP level 3. HP: 33/33 MP: 2/2
   807 | D:2      | Reached ** piety under Trog
   853 | D:2      | Found an iron altar of Okawaru.
  1378 | D:3      | Reached XP level 4. HP: 40/40 MP: 3/3
  1649 | D:3      | Noticed a big kobold
  1650 | D:3      | Noticed a big kobold
  1712 | D:3      | Reached *** piety under Trog
  1714 | D:3      | Killed from afar by an orc priest

Skill      XL: |  1  2  3 |
---------------+----------+-----
Armour         | 3 |  3.8
Fighting       | 4 |  4.4
Dodging        | 3 |  3.6
Axes           | 4 |  4.3

Action                   |  1- 3 |  4- 6 || total
-------------------------+-------+-------++-------
Melee: Hand axe          |    94 |    59 ||   153
       Headbutt          |    19 |    12 ||    31
Invok: Berserk           |       |     1 ||     1
  Eat: Chunk             |     1 |     1 ||     2
Armor: Chain mail        |    46 |    23 ||    69
Dodge: Dodged            |    67 |    16 ||    83
